 Dungeon Crawl Stone Soup version 0.18-a0-1293-g5a2c81a (webtiles) character file.

489 Tomstefer the Conjurer (level 6, -5/41 HPs)
             Began as a Demonspawn Wizard on Feb 10, 2016.
             Was an Initiate of Vehumet.
             Slain by a wight
             ... wielding a +1 mace
              (7 damage)
             ... on level 4 of the Dungeon.
             The game lasted 00:18:33 (5040 turns).

Tomstefer the Conjurer (Demonspawn Wizard)          Turns: 5040, Time: 00:18:33

Health: -5/41      AC:  4    Str:  7    XL:     6   Next: 90%
Magic:  2/13       EV: 12    Int: 22    God:    Vehumet [......]
Gold:   191        SH:  0    Dex: 11    Spells: 4 memorised, 5 levels left

rFire  . . .     SeeInvis .     y - +0 flail
rCold  . . .     Gourm    .     a - +0 robe
rNeg   . . .     Faith    .     (no shield)
rPois  .         Spirit   .     b - +0 hat
rElec  .         Dismiss  .     (no cloak)
rCorr  .         Reflect  .     (no gloves)
SustAt .         Harm     .     (no boots)
MR     .....                    (no amulet)
Stlth  ++........               (no ring)
                                f - +1 ring of slaying

@: very slightly contaminated, drained, not resistant to hostile enchantments,
unstealthy
A: horns 1, yellow scales 1, spiny 1
a: Renounce Religion


You were on level 4 of the Dungeon.
You worshipped Vehumet.
Vehumet was noncommittal.
You were not hungry.

You visited 2 branches of the dungeon, and saw 5 of its levels.

You collected 191 gold pieces.

Inventory:

Hand Weapons
 l - a +0 mace
 y - a +0 flail (weapon)
Armour
 a - a +0 robe (worn)
 b - a +0 hat (worn)
Jewellery
 f - a +1 ring of slaying (left hand)
 k - a cursed -4 ring of strength {unknown}
 n - an uncursed amulet of the gourmand {unknown}
 C - an uncursed ring of poison resistance {unknown}
Wands
 B - a wand of polymorph (1/24)
Scrolls
 e - 2 scrolls of magic mapping
 g - a scroll of recharging {unknown}
 h - 2 scrolls of identify
 i - 4 scrolls of remove curse {unknown}
 r - a scroll of blinking {unknown}
 u - a scroll of immolation {unknown}
 D - 2 scrolls of amnesia {unknown}
Potions
 j - 2 potions of magic {unknown}
 m - 2 potions of heal wounds {unknown}
 p - a potion of might {unknown}
 q - 2 potions of haste {unknown}
 s - 2 potions of resistance
 t - 2 potions of ambrosia {unknown}
 v - 3 potions of flight {unknown}
 w - 2 potions of curing {unknown}
 x - 2 potions of invisibility {unknown}
Books
 c - a book of Minor Magic

   Spells                             Type                      Level
   a - Magic Dart                     Conjuration                  1
   b - Blink                          Translocation                2
   c - Call Imp                       Summoning                    2
   d - Repel Missiles                 Charms/Air                   2
   e - Slow                           Hexes                        2
   f - Conjure Flame                  Conjuration/Fire             3
   g - Mephitic Cloud                 Conjuration/Poison/Air       3
Comestibles
 d - 2 bread rations
 o - 2 meat rations
 A - 3 fruits


   Skills:
 - Level 1.7 Dodging
 - Level 1.7 Stealth
 * Level 4.9 Spellcasting
 - Level 5.6(5.5) Conjurations
   Level 1.0(0.9) Summonings
 - Level 0.8 Translocations
 + Level 0.8 Fire Magic
 + Level 0.5(0.4) Air Magic


You had 5 spell levels left.
You knew the following spells:

 Your Spells              Type           Power        Failure   Level  Hunger
a - Magic Dart            Conj           ####         1%          1    None
b - Conjure Flame         Conj/Fire      ###.....     12%         3    ##.....
c - Mephitic Cloud        Conj/Pois/Air  ##......     14%         3    ##.....
d - Blink                 Tloc           N/A          12%         2    None


Dungeon Overview and Level Annotations

Branches:
Dungeon (4/15)             Temple (1/1) D:4

Altars:
Ashenzari
Dithmenos
Elyvilon
Gozag
Kikubaaqudgha
Nemelex Xobeh
Okawaru
Pakellas
Qazlal
Ru
Sif Muna
Trog
Vehumet
Xom
Zin
The Shining One


Innate Abilities, Weirdness & Mutations

You have a pair of small horns on your head.
You are partially covered in yellow scales (AC +2).
You are partially covered in sharp spines.


Message History

The wight is struck by your spines. The wight misses you.
Casting: Magic Dart
Confirm with . or Enter, or press ? or * to list all spells.
Aiming: Magic Dart
Press: ? - help, Shift-Dir - straight line, f/p - wight
Aim: a wight, wielding a war axe of freezing and wearing a robe (almost destroyed)
The magic dart hits the wight.
The wight is almost destroyed.
The wight is struck by your spines.
You destroy the wight!
Vehumet accepts your kill. The wight closely misses you.
Zapping:
B - a wand of polymorph (will waste charges)
Press: ? - help, Shift-Dir - straight line, f - wight
Aim: a wight, wielding an enchanted mace and wearing a robe (lightly damaged, chance to defeat MR: 46%)
The wight is unaffected.
Evoking this partially-identified wand wasted a few charges.
The wight is struck by your spines.
The wight hits you with an enchanted mace!
You die...

.....................#.....
.....[[...........b..#.....
...########'#####....######
#..)..# #.......... #.....#
#.......... #'#####
#..........
#.)..##+##..........
#.z..#........######
#..@.#....#####
########'#....#
#.............#
#.>...........######
#.............#....#
#....b...........>.#
#....รท........#....#
##########.............######
#...........#'###'######


You could see a wight.

Vanquished Creatures
  4 killer bees (D:4)
  2 wights (D:4)
  A hound (D:4)
  An orc wizard (D:3)
  An iguana (D:4)
  Terence (D:2)
  3 adders
  3 oozes
  4 worms (D:2)
  4 giant geckos
  7 orcs
  4 giant cockroaches
  7 goblins
  4 hobgoblins
  7 jackals
  3 kobolds
  3 quokkas
  A ball python (D:2)
  8 bats
  5 giant newts
  3 rats
76 creatures vanquished.

Notes
Turn   | Place    | Note
--------------------------------------------------------------
     0 | D:1      | Tomstefer the Demonspawn Wizard began the quest for the Orb.
     0 | D:1      | Reached XP level 1. HP: 13/13 MP: 4/4
   597 | D:1      | Gained mutation: You are partially covered in sharp spines. [demonic ancestry]
   597 | D:1      | Reached XP level 2. HP: 19/19 MP: 0/6
  1025 | D:2      | Found a shadowy altar of Dithmenos.
  1771 | D:2      | Found a sacrificial altar of Ru.
  1872 | D:2      | Reached XP level 3. HP: 24/24 MP: 4/7
  2441 | D:2      | Noticed Terence
  2493 | D:2      | Killed Terence
  2493 | D:2      | Reached skill level 4 in Conjurations
  2493 | D:2      | Reached XP level 4. HP: 15/30 MP: 0/8
  3170 | D:3      | Found a faded altar to an unknown god.
  3300 | D:3      | Found a sparkling altar of Nemelex Xobeh.
  3474 | D:3      | Learned a level 3 spell: Conjure Flame
  3478 | D:3      | Learned a level 3 spell: Mephitic Cloud
  3481 | D:3      | Learned a level 2 spell: Blink
  3733 | D:3      | Gained mutation: You have a pair of small horns on your head. [demonic ancestry]
  3733 | D:3      | Reached XP level 5. HP: 35/35 MP: 6/10
  4366 | D:4      | Reached skill level 5 in Conjurations
  4403 | D:4      | Gained mutation: You are partially covered in yellow scales (AC +2). [demonic ancestry]
  4403 | D:4      | Reached XP level 6. HP: 26/41 MP: 8/12
  4435 | D:4      | HP: 1/41 [iguana (7)]
  4813 | D:4      | Found a staircase to the Ecumenical Temple.
  4820 | Temple   | Entered the Ecumenical Temple
  4877 | Temple   | Became a worshipper of Vehumet
  5036 | D:4      | HP: 1/41 [wight/war axe of freezing (4)]
  5040 | D:4      | Slain by a wight

Vault maps used:
D:1:      roderic_crop_circles_arrival_small
D:2:      nicolae_overflow_crystal_walls, grunt_dithmenos_smoke, uniq_terence
D:3:      nemelex_deck, first_bread, ecumenical_altar_2
D:4:      minmay_overflow_temple_star_quad, minmay_temple_entry_butterflies,
          xom_teletrap_fun, uniq_edmund
Temple:   nicolae_temple_god_jail

Action                   |  1- 3 |  4- 6 || total
-------------------------+-------+-------++-------
Melee: Unarmed           |     7 |       ||     7
       Hand axe          |     1 |       ||     1
       Mace              |    15 |     5 ||    20
       Flail             |       |     6 ||     6
 Cast: Magic Dart        |    90 |    91 ||   181
       Conjure Flame     |       |     2 ||     2
Evoke: Wand              |       |     1 ||     1
  Use: Scroll            |     1 |     3 ||     4
  Eat: Chunk             |     4 |     8 ||    12
       Fruit             |       |     1 ||     1
